 Dungeon Crawl Stone Soup version 0.19.5 (webtiles) character file.

74 Keye the Chopper (level 4, -6/37 HPs)
             Began as a Minotaur Gladiator on May 6, 2017.
             Mangled by Peloso's ghost (13 damage)
             ... on level 3 of the Dungeon.
             The game lasted 00:02:29 (1986 turns).

Keye the Chopper (Minotaur Gladiator)               Turns: 1986, Time: 00:02:30

Health: -6/37      AC:  5    Str: 21    XL:     4   Next: 10%
Magic:  0/3        EV: 12    Int:  5    God:
Gold:   73         SH:  0    Dex: 10    Spells: 0 memorised, 3 levels left

rFire  . . .     SeeInvis .     a - +0 war axe
rCold  . . .     Gourm    .     o - +0 ring mail
rNeg   . . .     Faith    .     (no shield)
rPois  .         Spirit   +     c - +0 hat
rElec  .         Reflect  .     (no cloak)
rCorr  .         Harm     .     (no gloves)
MR     .....                    (no boots)
Stlth  ..........               q - amulet of guardian spirit
                                (no ring)
                                (no ring)

@: flying
A: retaliatory headbutt, horns 2
a: no special abilities


You were on level 3 of the Dungeon.
You were not hungry.

You visited 1 branch of the dungeon, and saw 3 of its levels.

You collected 73 gold pieces.

Inventory:

Hand Weapons
 a - a +0 war axe (weapon)
Missiles
 d - 3 throwing nets (quivered)
Armour
 b - a +0 leather armour
 c - a +0 hat (worn)
 o - a +0 ring mail (worn)
Jewellery
 q - an amulet of guardian spirit (around neck)
Scrolls
 e - a scroll of enchant armour {unknown}
 g - a scroll of blinking {unknown}
 h - a scroll of remove curse {unknown}
 k - 2 scrolls of teleportation {unknown}
 s - a scroll of magic mapping {unknown}
 t - a scroll of identify {unknown}
Potions
 i - a potion of heal wounds {unknown}
 j - 2 potions of curing {unknown}
 m - a potion of flight
 p - a potion of might {unknown}
Comestibles
 f - 4 bread rations
 l - 3 meat rations
 n - a chunk of flesh
 r - a beef jerky


   Skills:
 - Level 2.4 Fighting
 + Level 6.0 Axes
 - Level 2.0 Throwing
 - Level 3.2 Dodging


You had 3 spell levels left.
You didn't know any spells.

Dungeon Overview and Level Annotations

Branches:
Dungeon (3/15)

Altars:

Annotations:
D:3 Peloso's ghost, amateur MiFi


Innate Abilities, Weirdness & Mutations

You reflexively headbutt those who attack you in melee.
You have a pair of horns on your head.


Message History

You hit Peloso's ghost.
You headbutt Peloso's ghost, but do no damage.
Peloso's ghost is moderately damaged.
Peloso's ghost hits you.
You barely miss Peloso's ghost. You headbutt Peloso's ghost.
Peloso's ghost is heavily damaged.
Peloso's ghost hits you. Peloso's ghost hits you!
You completely miss Peloso's ghost. You headbutt Peloso's ghost.
Peloso's ghost is heavily damaged.
Peloso's ghost hits you.
* * * LOW HITPOINT WARNING * * *
You hit Peloso's ghost but do no damage.
You headbutt Peloso's ghost, but do no damage.
Peloso's ghost is heavily damaged.
Peloso's ghost hits you.
* * * LOW HITPOINT WARNING * * *
It was a potion of flight.
You feel very buoyant.
You fly up into the air.
Peloso's ghost hits you!
You die...

........ .....
#..# # #<.#
.###.##..###.#
....g.wg....>#
###.##h######
# #W# #@#
#......#
#.?....#
#......#
#.....##
#..... ######


You could see a worm, Peloso's ghost, a jackal and a hobgoblin.

Vanquished Creatures
  3 adders (D:2)
  An ooze (D:2)
  2 worms (D:2)
  A leopard gecko (D:1)
  An orc (D:2)
  5 giant cockroaches
  4 goblins
  4 hobgoblins
  2 jackals (D:3)
  5 kobolds
  A bat (D:2)
  6 rats
  12 plants (D:1)
47 creatures vanquished.

Notes
Turn   | Place    | Note
-------+----------+-------------------------------------------
     0 | D:1      | Keye the Minotaur Gladiator began the quest for the Orb.
     0 | D:1      | Reached XP level 1. HP: 18/18 MP: 0/0
   210 | D:1      | Reached skill level 4 in Axes
   552 | D:1      | Reached XP level 2. HP: 21/25 MP: 1/1
  1211 | D:2      | Reached skill level 5 in Axes
  1452 | D:2      | Reached XP level 3. HP: 25/30 MP: 2/2
  1916 | D:2      | Reached XP level 4. HP: 29/37 MP: 1/3
  1971 | D:3      | Noticed Peloso's ghost (amateur MiFi)
  1975 | D:3      | Reached skill level 6 in Axes
  1986 | D:3      | Mangled by Peloso's ghost

Skill      XL: |  1  2  3  4 |
---------------+-------------+-----
Axes           | 4 5 6 |  6.0
Fighting       | |  2.4
Throwing       | |  2.0
Dodging        | |  3.2

Action                   |  1- 3 |  4- 6 || total
-------------------------+-------+-------++-------
Melee: War axe           |   205 |    12 ||   217
       Headbutt          |    52 |     5 ||    57
  Use: Potion            |       |     1 ||     1
  Eat: Chunk             |     4 |       ||     4
Armor: Leather armour    |     5 |       ||     5
       Ring mail         |     4 |     2 ||     6
Dodge: Dodged            |    36 |     8 ||    44
